 Dungeon Sprint DCSS version 0.29-a0-857-g9b1aa3ac5b (webtiles) character file.

Game seed: 14679521397617342497

1148 mhtbhm the Blocker (level 8, -1/55 HPs)
             Began as a Gargoyle Fighter on July 16, 2022.
             Was a High Priest of Qazlal.
             Slain by a cane toad (17 damage)
             ... in the Dungeon (Sprint VII: "The Pits").
             The game lasted 00:01:27 (1433 turns).

mhtbhm the Blocker (Gargoyle Fighter)               Turns: 1433, Time: 00:01:28

Health: -1/55      AC: 16    Str: 21    XL:     8   Next: 38%
Magic:  13/13      EV: 10    Int: 10    God:    Qazlal [*****.]
Gold:   0          SH: 13    Dex:  9    Spells: 7/7 levels left

rFire   . . .      SeeInvis .   a - +2 mace
rCold   . . .      Faith    .   c - +0 buckler
rNeg    + . .      Spirit   .   b - +3 scale mail
rPois   ∞          Reflect  .   (no helmet)
rElec   +          Harm     .   (no cloak)
rCorr   .          Rampage  .   (no gloves)
Will    .....      NoTele   +   (no boots)
Stlth   ..........              (no amulet)
HPRegen 0.18/turn               (no ring)
MPRegen 0.13/turn               (no ring)

@: repel missiles
A: sickness immunity, AC +5, negative energy resistance 1, electricity
resistance, torment resistance 1, petrification resistance
a: Renounce Religion, Upheaval, Elemental Force, Disaster Area


You were in the Dungeon.
You worshipped Qazlal.
Qazlal was extremely pleased with you.
You visited 1 branch

Inventory:

Hand Weapons
 a - a +2 mace (weapon)
Armour
 b - a +3 scale mail (worn)
 c - a +0 buckler (worn)
Scrolls
 j - a scroll of blinking
 l - 5 scrolls of amnesia
 m - a scroll of summoning
Potions
 d - a potion of might
 e - 6 potions of curing
 f - 5 potions of heal wounds
 g - a potion of haste
 h - 4 potions of magic
 i - 3 potions of berserk rage
 k - 2 potions of invisibility


   Skills:
 + Level 8.7 Fighting
 + Level 9.4 Maces & Flails
 + Level 8.5 Armour
 + Level 3.4 Dodging
 + Level 1.5 Stealth
 + Level 9.4 Shields
 * Level 7.8 Invocations


You had 7 spell levels left.
You didn't know any spells.
Your spell library was empty.

Dungeon Overview and Level Annotations

Branches:
Dungeon (1/1)

Altars:
Ashenzari
Cheibriados
Dithmenos
Elyvilon
Fedhas
Gozag
Hepliaklqana
Kikubaaqudgha
Makhleb
Nemelex Xobeh
Okawaru
Qazlal
Ru
Sif Muna
Trog
Uskayaw
Vehumet
Wu Jian
Xom
Yredelemnul
Zin
The Shining One
Jiyva
Lugonu


Innate Abilities, Weirdness & Mutations

You are immune to sickness and miasma.
Your stone body is resilient. (AC +5)
You are immune to poison.
You resist negative energy. (rN+)
You are resistant to electric shocks. (rElec)
You are resistant to unholy torment.
You are immune to petrification.


Message History

You hit the cane toad.
The cane toad is lightly wounded.
You block the cane toad's attack. The orc hits you but does no damage.
The cane toad stings you but does no damage.
You hit the cane toad.
The cane toad is lightly wounded.
The orc hits you but does no damage. The cane toad stings you!
You closely miss the cane toad.
The cane toad is lightly wounded.
You block the orc's attack. The cane toad stings you!
You hit the cane toad.
The cane toad is lightly wounded.
The orc closely misses you.
The cane toad stings you but does no damage.
You closely miss the cane toad.
The cane toad is lightly wounded.
You block the orc's attack.
The orc priest is engulfed in freezing vapours.
The cane toad stings you but does no damage.
You sock the cane toad!
The cane toad is heavily wounded.
The cane toad barely misses you.
The orc priest is engulfed in freezing vapours.
You kill the orc priest!
Qazlal accepts your kill. You block the orc's attack.
The cane toad attacks as you move away! You block the cane toad's attack.
The cane toad stings you!
* * * LOW HITPOINT WARNING * * *
You are too injured to fight recklessly!
You sock the cane toad!
The cane toad is severely wounded.
The cane toad completely misses you.
You hit the cane toad.
The cane toad is severely wounded.
The cane toad stings you but does no damage.
You closely miss the cane toad.
The cane toad is severely wounded.
The cane toad stings you!
You die...

#.##†####))##.......#
#÷#†....#[.##.......#
#.#.....#'###...<...#
#.#........##.......#
#†#........##.......#
#'###########.......#
#.......#.. #########
#.###÷..#.# ###
#.#.....#@# ...#
#.#...#.#F#.o..#
#.....#.#o')...+
#...###.#'#....#
#.......'.#....#
########### ####


You could see a cane toad and an orc.

Vanquished Creatures
  Prince Ribbit (D)
  A fire bat (D)
  2 water moccasins (D)
  2 floating eyes (D)
  A sky beast (D)
  Pargi (D)
  2 scorpions (D)
  An orc priest (D)
  An orc wizard (D)
  A small abomination (D)
  A mummy (D)
  2 adders (D)
  An orc (D)
  2 bats (D)
  A giant cockroach (D)
  5 jackals (D)
  A ball python (D)
  A kobold (D)
  A rat (D)
28 creatures vanquished.

Notes
Turn   | Place    | Note
-------+----------+-------------------------------------------
     0 | D        | mhtbhm the Gargoyle Fighter began the quest for the Orb.
     0 | D        | Reached XP level 1. HP: 14/14 MP: 1/1
     8 | D        | Noticed a scorpion
    25 | D        | Killed a scorpion
    26 | D        | Reached skill level 5 in Fighting
    26 | D        | Reached skill level 5 in Armour
    26 | D        | Reached skill level 5 in Shields
    26 | D        | Reached XP level 2. HP: 6/21 MP: 2/2
    26 | D        | Reached XP level 3. HP: 7/26 MP: 3/3
    26 | D        | Reached XP level 4. HP: 9/31 MP: 4/4
    30 | D        | Found a bloodstained altar of Trog.
    30 | D        | Found a shimmering blue altar of Sif Muna.
    30 | D        | Found a viscous altar of Jiyva.
    30 | D        | Found a hazy altar of Hepliaklqana.
    30 | D        | Found an opulent altar of Gozag.
    31 | D        | Found a glowing golden altar of the Shining One.
    31 | D        | Found a glowing silver altar of Zin.
    31 | D        | Found a basalt altar of Yredelemnul.
    31 | D        | Found a shimmering altar of Xom.
    31 | D        | Found an ornate altar of the Wu Jian Council.
    31 | D        | Found a sacrificial altar of Ru.
    31 | D        | Found a stormy altar of Qazlal.
    31 | D        | Found an iron altar of Okawaru.
    31 | D        | Found a sparkling altar of Nemelex Xobeh.
    31 | D        | Found a burning altar of Makhleb.
    31 | D        | Found a blossoming altar of Fedhas.
    31 | D        | Found a white marble altar of Elyvilon.
    31 | D        | Found a shadowy altar of Dithmenos.
    31 | D        | Found a snail-covered altar of Cheibriados.
    33 | D        | Found a radiant altar of Vehumet.
    33 | D        | Found a corrupted altar of Lugonu.
    34 | D        | Found a hide-covered altar of Uskayaw.
    34 | D        | Found an ancient bone altar of Kikubaaqudgha.
    34 | D        | Found a broken altar of Ashenzari.
    38 | D        | Became a worshipper of Qazlal Stormbringer
   243 | D        | Noticed a floating eye
   247 | D        | Paralysed by a floating eye for 4 turns
   252 | D        | Killed a floating eye
   253 | D        | Reached XP level 5. HP: 37/37 MP: 4/7
   286 | D        | Reached * piety under Qazlal
   329 | D        | Reached ** piety under Qazlal
   360 | D        | Reached *** piety under Qazlal
   361 | D        | Reached skill level 5 in Maces & Flails
   361 | D        | Reached skill level 1 in Dodging
   361 | D        | Reached XP level 6. HP: 23/44 MP: 7/9
   542 | D        | Noticed a water moccasin
   563 | D        | Killed a water moccasin
   564 | D        | Reached skill level 5 in Invocations
   763 | D        | Noticed Prince Ribbit
   763 | D        | Noticed a water moccasin
   764 | D        | Noticed a sky beast
   765 | D        | Killed a water moccasin
   766 | D        | Reached XP level 7. HP: 32/48 MP: 9/11
   796 | D        | Reached **** piety under Qazlal
   797 | D        | Reached skill level 1 in Stealth
   989 | D        | Killed Prince Ribbit
  1032 | D        | Noticed Pargi
  1058 | D        | Killed Pargi
  1059 | D        | Reached XP level 8. HP: 41/55 MP: 13/13
  1144 | D        | Reached ***** piety under Qazlal
  1410 | D        | Noticed a cane toad
  1433 | D        | Slain by a cane toad

Illustrated notes

Levels and vault maps discovered:
D:        pitsprint [storerooms_1, entrance_room_1, metal_vault_3, armoury_2,
          mini_pit_1, grid_room_1, main_hall_1, silver_pit, the_coven_2,
          the_vestibule_1, steel_vault_5, golden_pit, hallway_of_sentries,
          crystal_vault_4, iron_vault_5, final_vault]

Skill      XL: |  1  2  3  4  5  6  7  8 |
---------------+-------------------------+-----
Fighting       | 5 6 7 8 |  8.7
Maces & Flails | 3 4 5 7 8 9 |  9.4
Armour         | 5 6 7 8 |  8.5
Shields        | 5 6 7 8 9 |  9.4
Invocations    | 3 4 5 7 |  7.8
Dodging        | 1 2 3 |  3.4
Stealth        | 1 |  1.5

Action                   |  1- 3 |  4- 6 |  7- 9 || total
-------------------------+-------+-------+-------++-------
Melee: Flail             |    16 |       |       ||    16
       Mace              |       |    75 |   117 ||   192
  Use: Potion            |       |       |     1 ||     1
Armor: Scale mail        |     8 |    45 |    63 ||   116
Dodge: Dodged            |    10 |    47 |    48 ||   105
Block: Buckler           |     2 |    47 |    62 ||   111

Table legend: (Time is in decaauts)
 A = Elapsed time spent in this place.
 B = Non-inter-level travel time spent in this place.
 C = Inter-level travel time spent in this place.
 D = Time resting spent in this place.
 E = Time spent auto-exploring this place.
 F = Levels seen in this place.
 G = Mean time per level.
                   A        B        C        D        E       F      G
               +--------+--------+--------+--------+--------+-----+--------+
         Total |   1452 |   1452 |      0 |    902 |    154 |   1 | 1452.0 |
       Dungeon |   1452 |   1452 |      0 |    902 |    154 |   1 | 1452.0 |
               +--------+--------+--------+--------+--------+-----+--------+

Top non-repeatable levels by time:
       D: 1452 daAuts
